 Dungeon Crawl Stone Soup version 0.28-a0-241-gfbb0926a3a (webtiles) character file.

Game seed: 17489356896761101661

324 Gunterle the Charlatan (level 6, 0/46 HPs)
             Began as a Djinni Artificer on Aug 24, 2021.
             Slain by an elf zombie (6 damage)
             ... in an ossuary.
             The game lasted 00:20:56 (5034 turns).

Gunterle the Charlatan (Djinni Artificer)           Turns: 5034, Time: 00:20:57

Health: 0/46       AC:  3    Str: 11    XL:     6   Next: 77%
Gold:   116        EV: 12    Int: 14    God:
                   SH:  0    Dex: 14

rFire   + + .      SeeInvis .   z - +0 scimitar
rCold   x . .      Faith    .   (no shield)
rNeg    . . .      Spirit   .   b - +0 leather armour
rPois   ∞          Reflect  .   (no helmet)
rElec   .          Harm     .   (no cloak)
rCorr   .          Rampage  .   (no gloves)
Will    .....                   (boots unavailable)
Stlth   +.........              (no amulet)
HPRegen 0.15/turn               (no ring)
MPRegen 0.00/turn               (no ring)

@: flying
A: sickness immunity, fire resistance 2, cold vulnerability 1, float, innate
caster, hp casting, extra vitality 1
a: no special abilities


You were in an ossuary.
You visited 1 branch of the dungeon, and saw 5 of its levels.
You also visited: Ossuary.

You collected 200 gold pieces.
You spent 84 gold pieces at shops.

Inventory:

Hand Weapons
 a - a +0 rapier
 o - a +0 dagger
 z - a +0 scimitar (weapon)
Missiles
 c - 3 datura-tipped darts
 l - 82 stones
 q - 12 poisoned darts (quivered)
Armour
 b - a +0 leather armour (worn)
Magical Staves
 r - a staff of cold
Jewellery
 s - an amulet of faith
Wands
 d - a wand of charming (3)
Scrolls
 u - 3 scrolls of amnesia
Potions
 f - a potion of ambrosia
 h - a potion of lignification
 j - a potion of mutation
 k - 2 potions of heal wounds
 n - 2 potions of degeneration
 t - a potion of haste {unknown}
 w - a potion of brilliance
 x - a potion of curing {unknown}
Miscellaneous
 e - a piece from Xom's chessboard (15/15)


   Skills:
 * Level 3.3 Fighting
 - Level 1.9(2.0) Short Blades
 * Level 0.4(1.2) Long Blades
 + Level 0.9 Throwing
 + Level 2.3 Armour
 + Level 3.2 Dodging
 - Level 0.7 Stealth
 * Level 1.2 Spellcasting
 + Level 3.6 Evocations


You had 4 spell levels left.
You knew the following spells:

 Your Spells              Type           Power      Damage    Failure   Level
a - Shock                 Conj/Air       16%        1d4       21%         1
b - Slow                  Hex            4%         N/A       30%         2
Your spell library was empty.

Dungeon Overview and Level Annotations

Branches:
Dungeon (5/15)             Temple (0/1) D:5         Ossuary (1/1)

Altars:
Trog

Shops:
D:2 !*([[   D:4 [


Innate Abilities, Weirdness & Mutations

You are immune to sickness and miasma.
You are immune to poison.
Your flesh is very heat resistant. (rF++)
You are vulnerable to cold. (rC-)
You float through the air rather than walking.
You learn spells naturally, not from books.
Your magical power is your life essence.
You have superior vitality. (+4 HP)


Message History

You hit the gnoll zombie.
The gnoll zombie is moderately damaged.
The kobold zombie misses you.
You slash the hobgoblin zombie!
The hobgoblin zombie is severely damaged.
The elf zombie misses you.
You riposte.
You hit the elf zombie.
The elf zombie is lightly damaged.
The hobgoblin zombie hits you.
The gnoll zombie hits you but does no damage.
The human zombie hits you!
The elf zombie hits you but does no damage.
The gnoll zombie closely misses you. The kobold zombie barely misses you.
The elf zombie barely misses you. The hobgoblin zombie barely misses you.
You riposte.
You slash the hobgoblin zombie!
You destroy the hobgoblin zombie!
As you read the scroll of teleportation, it crumbles to dust.
You feel strangely unstable. The gnoll zombie hits you.
The human zombie barely misses you. The elf zombie hits you.
* * * LOW HITPOINT WARNING * * *
The gnoll zombie closely misses you.
The kobold zombie hits you but does no damage.
Unknown command.
The human zombie hits you.
* * * LOW HITPOINT WARNING * * *
The gnoll zombie hits you but does no damage.
The elf zombie hits you.
* * * LOW HITPOINT WARNING * * *
Unknown command.
The kobold zombie hits you but does no damage.
Your surroundings suddenly seem different.
The gnoll zombie closely misses you.
A mummy comes into view.
A mummy comes into view.
Found a gate leading back out of this place.
Found 27 gold pieces.
The gnoll zombie hits you but does no damage.
The gnoll zombie closely misses you.
You riposte.
You barely miss the gnoll zombie. The gnoll zombie closely misses you.
The elf zombie hits you.
You die...

#########################
$#...........∩...........
$#............ ..........
#+.........#####.........
...................M.....
........ZZ....M..........
....##.M.Z...........##
....##.ZZZZ..........##.
........@Z...............
.......Z.................
.#.......................
##.....................#
#.........∩∩..........#
#.....................#
#.......................
.......................
#...............##


You could see 2 mummies, a hobgoblin zombie, 5 gnoll zombies, a kobold zombie,
an elf zombie and a human zombie.

Vanquished Creatures
  A centaur skeleton (D:4)
  An orc priest (D:3)
  An iguana (D:5)
  An orc wizard (D:3)
  8 adders
  2 worms
  3 dart slugs (D:3)
  5 orcs
  6 ball pythons
  7 bats
  2 endoplasms
  3 giant cockroaches
  2 goblins
  6 hobgoblins
  7 frilled lizards
  A hobgoblin zombie (Ossuary)
  A jackal zombie (Ossuary)
  4 kobolds
  2 rats
  A spectral kobold (D:2)
64 creatures vanquished.

Vanquished Creatures (collateral kills)
  A water moccasin skeleton (D:5)
  An orc priest (D:4)
  A gnoll (D:5)
  An ufetubus (D:5)
4 creatures vanquished.

Vanquished Creatures (others)
  A hound (D:3)
  A gnoll (D:5)
2 creatures vanquished.

Grand Total: 70 creatures vanquished

Notes
Turn   | Place    | Note
-------+----------+-------------------------------------------
     0 | D:1      | Gunterle the Djinni Artificer began the quest for the Orb.
     0 | D:1      | Reached XP level 1. HP: 17/17 MP: 0/0
   420 | D:1      | You are sucked into a shaft and drop 1 floor!
   441 | D:2      | Reached XP level 2. HP: 17/22 MP: 0/0
   644 | D:2      | Found a faded altar of an unknown god.
  1008 | D:1      | Reached XP level 3. HP: 28/28 MP: 0/0
  1008 | D:1      | Learned a level 1 spell: Shock
  1172 | D:2      | Found Xairit Sith's Antique Weapon Emporium.
  1518 | D:2      | Found Besayjil's Armour Boutique.
  1586 | D:2      | Found Jieseit's Antique Armour Emporium.
  1770 | D:2      | Found Gikuwey's Distillery.
  1776 | D:2      | Found Jonaisis's General Store.
  1777 | D:2      | Bought a potion of degeneration for 14 gold pieces
  2160 | D:3      | Reached XP level 4. HP: 32/33 MP: 0/0
  2219 | D:3      | Reached skill level 1 in Short Blades
  3020 | D:3      | Reached XP level 5. HP: 39/39 MP: 0/0
  3020 | D:3      | Learned a level 2 spell: Slow
  3240 | D:3      | Found a bloodstained altar of Trog.
  3454 | D:2      | Bought a potion of heal wounds for 70 gold pieces
  3547 | D:4      | Noticed a water moccasin
  4286 | D:3      | Reached XP level 6. HP: 29/46 MP: 0/0
  4504 | D:4      | Reached skill level 1 in Spellcasting
  4526 | D:4      | Found Vosacaed's Armour Emporium.
  4891 | D:5      | Entered Level 5 of the Dungeon
  4906 | D:5      | Noticed a sky beast
  4917 | D:5      | Found a staircase to the Ecumenical Temple.
  4952 | D:5      | Noticed a sky beast
  5001 | D:5      | Found a sand-covered staircase.
  5005 | Ossuary  | Entered an ossuary
  5034 | Ossuary  | Slain by an elf zombie

Illustrated notes

Levels and vault maps discovered:
D:1:      amcnicky_arrival_gap_in_the_tavern_cellar, layout_basic, serial_glass,
          glass_columns_b, glass_columns_b, grunt_decor_resistance
D:2:      layout_loops_cross, dreamdust_ecumenical_altar_drowned_temple,
          serial_shops, nicolae_diamond_shop, nicolae_shop_waterfront,
          nicolae_shop_waterfront, shop, nicolae_lakefront_shop
D:3:      layout_basic, bloody_trog
D:4:      layout_basic, serial_shops, shop
D:5:      layout_gridville, temple_green, nicolae_ossuary_entry_false_entrances
Ossuary:  ossuary_minmay_tomb_2a

Skill      XL: |  1  2  3  4  5  6 |
---------------+-------------------+-----
Fighting       | 2 3 |  3.3
Short Blades   | 1 |  1.9
Armour         | 2 |  2.3
Dodging        | 3 |  3.2
Spellcasting   | 1 |  1.2
Long Blades    | |  0.4
Throwing       | |  0.9
Stealth        | |  0.7
Evocations     | |  3.6

Action                   |  1- 3 |  4- 6 || total
-------------------------+-------+-------++-------
Melee: Club              |    32 |       ||    32
       Short sword       |    33 |       ||    33
       Rapier            |    13 |   116 ||   129
       Scimitar          |       |     4 ||     4
Throw: Dart              |       |    56 ||    56
       Stone             |       |     1 ||     1
       Throwing net      |       |     1 ||     1
Evoke: Wand              |    11 |    16 ||    27
       Piece from Xom's  |       |     1 ||     1
  Use: Scroll            |     1 |    13 ||    14
       Potion            |       |     1 ||     1
 Stab: Sleeping          |     2 |       ||     2
Armor: Leather armour    |    35 |    40 ||    75
Dodge: Dodged            |    58 |   104 ||   162
       Rpst.: Scimitar   |       |     7 ||     7

Table legend: (Time is in decaauts)
 A = Elapsed time spent in this place.
 B = Non-inter-level travel time spent in this place.
 C = Inter-level travel time spent in this place.
 D = Time resting spent in this place.
 E = Time spent auto-exploring this place.
 F = Levels seen in this place.
 G = Mean time per level.
                   A        B        C        D        E       F      G
               +--------+--------+--------+--------+--------+-----+--------+
         Total |   5076 |   4663 |    413 |   1313 |   2323 |   6 |  846.0 |
       Dungeon |   5046 |   4633 |    413 |   1313 |   2323 |   5 | 1009.2 |
       Ossuary |     29 |     29 |      0 |      0 |      0 |   1 |   29.0 |
               +--------+--------+--------+--------+--------+-----+--------+

Top non-repeatable levels by time:
     D:3: 1929 daAuts
     D:2: 1608 daAuts
     D:1: 816 daAuts
     D:4: 597 daAuts
     D:5: 94 daAuts
 Ossuary: 29 daAuts
